AoeStats
← GL

Northern Isles

510377138Analyzed
1v1 RM · 1d ago on Sep 30, 2026· 19m 37s· 2 players
Game mode
Random Map
Map size
Tiny (2 player)
Population
200
Speed
Normal
Resources
Standard
Victory
Conquest
Starting age
Dark Age
Ending age
Imperial Age
RankedLock teamsTeams togetherTeam positionsShared explorationLock speedFull tech treeHidden civsTurbo modeCheats
Victory
Defeat
🇩🇪 Burgundians · Germany
701
+13
🇦🇷 Britons · Argentina
645
-13
GL
10:40 Feudal Age
12:01 Double-Bit Axe
17:37 Castle Age
19:10 Horse Collar
Cyto
7:29 Wheelbarrow
8:03 Double-Bit Axe
11:47 Feudal Age
13:35 Bow Saw
17:44 Castle Age
Connection lost

Rejoining the realm…

Still unreachable

The connection could not be restored.

Session expired

The server has moved on; the page needs a fresh start.